Map: Inside and Out

Players

TIME (Oliveira)

  • Race: Terran Terran
  • Spawn Location: 1:00

NightMare - Winner!

  • Race: Protoss Protoss
  • Spawn Location: 7:00

Event: DreamHack SC2 Masters 2022 Atlanta (Offline)

VOD

Have the link to the VOD?

Description

Time

  • Played on: Nov. 18, 2022, 7:05 p.m.
  • Length: 10:32

All games in this series

Show
View Real Time Build Order
Export as new Build Order

TIME Terran 

Build Orders: 1/1/1, Liberator Opening 

Get SALT Encoding   

  12  0:00  SCV  
  13  0:12  SCV  
  14  0:17  Supply Depot  
  14  0:24  SCV  
  15  0:38  SCV  
  15  0:40  Barracks  
  16  0:42  Refinery  
  16  0:50  SCV  
  16  0:54  Refinery  
  17  1:03  SCV  
  18  1:15  SCV  
  19  1:27  Reaper, Orbital Command  
  19  1:28  Supply Depot  
  20  1:42  Factory  
  20  1:53  SCV  
  21  2:00  Barracks Reactor  
  21  2:05  SCV  
  22  2:15  Command Center  
  22  2:18  SCV  
  23  2:29  Starport  
  23  2:30  SCV  
  24  2:38  Widow Mine  
  24  2:40  Supply Depot  
  24  2:43  SCV  
  27  2:46  Marine  
  27  2:47  Marine  
  29  2:55  SCV  
  30  3:01  Widow Mine  
  30  3:04  Marine  
  30  3:05  Marine  
  34  3:07  Medivac  
  34  3:09  SCV  
  37  3:21  Marine  
  37  3:22  SCV  
  37  3:24  Factory Tech Lab  
  37  3:27  Orbital Command, Marine  
  40  3:34  SCV  
  40  3:39  Marine  
  42  3:44  Cyclone, Marine  
  46  3:49  Orbital Command  
  46  3:51  Liberator  
  46  3:54  SCV  
  51  4:02  Supply Depot  
  50  4:03  Marine  
  50  4:07  SCV  
  51  4:17  Siege Tank  
  51  4:23  SCV x2, Marine  
  51  4:24  Marine  
  58  4:25  Supply Depot  
  58  4:35  SCV  
  59  4:40  SCV  
  59  4:41  Marine  
  59  4:42  Marine  
  62  4:46  Barracks, Starport Tech Lab  
  62  4:47  Barracks  
  62  4:52  SCV  
  60  4:56  Siege Tank  
  60  4:58  SCV  
  60  4:59  Marine  
  63  5:00  Bunker  
  63  5:02  Engineering Bay  
  63  5:04  Supply Depot, SCV  
  62  5:10  SCV  
  62  5:12  Refinery  
  62  5:14  Marine  
  64  5:16  SCV  
  64  5:19  Supply Depot  
  65  5:23  SCV  
  65  5:28  Terran Infantry Weapons Level 1  
  66  5:32  Marine x2  
  66  5:33  SCV  
  66  5:35  SCV  
  69  5:46  Stimpack  
  69  5:49  Combat Shield  
  69  5:50  Marine x3  
  69  5:51  SCV  
  69  5:52  SCV  
  69  5:54  Factory Reactor, Starport Reactor  
  74  5:57  Supply Depot  
  74  5:58  Refinery  
  74  6:03  SCV, Marauder  
  74  6:04  SCV  
  74  6:08  Marine x2  
  77  6:15  Supply Depot, SCV  
  77  6:16  SCV  
  77  6:17  Marauder  
  81  6:25  Marauder  
  85  6:27  SCV, Marine x2  
  85  6:29  SCV  
  85  6:31  Supply Depot  
  87  6:38  Marauder  
  87  6:39  SCV, Medivac x2  
  94  6:41  SCV, Factory Reactor  
  94  6:46  Marauder  
  96  6:57  Marine x2  
  86  7:05  Command Center  
  86  7:06  Barracks, Marauder  
  88  7:09  Barracks  
  88  7:11  Medivac x2  
  88  7:15  SCV x2  
  94  7:16  Supply Depot  
  94  7:17  Marine x2  
  94  7:19  Concussive Shells  
  94  7:20  Widow Mine  
  98  7:24  Widow Mine  
  98  7:29  Marine  
  103  7:33  SCV x2  
  103  7:34  Marine  
  106  7:41  Viking x2, Terran Infantry Armor Level 1  
  106  7:42  Marine  
  106  7:47  SCV  
  107  7:52  Siege Tank  
  107  7:53  Marine x2  
  107  7:55  Marauder  
  107  7:56  Barracks Tech Lab  
  107  7:57  SCV, Barracks Tech Lab  
  115  7:58  Marine  
  114  8:11  Marine x2  
  98  8:14  Marine  
  98  8:15  Marauder  
  98  8:16  Marine  
  98  8:17  Marine x2  
  87  8:24  Viking  
  79  8:27  SCV  
  79  8:29  SCV, Marine x2  
  79  8:31  Siege Tank  
  88  8:34  Marauder  
  88  8:36  Marine  
  88  8:37  Marauder  
  88  8:39  SCV  
  92  8:41  Viking  
  92  8:47  Marine x2  
  92  8:48  Marauder  
  97  8:53  Marine  
  97  8:54  Marine  
  97  8:56  Marauder  
  97  9:01  Marine  
  89  9:03  SCV  
  89  9:05  Marine  
  89  9:09  Marauder, Marine  
  92  9:11  Siege Tank, Marine  
  92  9:12  SCV  
  92  9:15  SCV  
  92  9:16  Orbital Command  
  98  9:20  Marine  
  98  9:21  Marauder  
  98  9:23  Marine  
  102  9:24  SCV  
  102  9:27  Medivac  
  102  9:29  Medivac  
  102  9:30  Marine  
  102  9:31  Marine  
  108  9:33  SCV  
  108  9:36  SCV  
  108  9:37  Marauder  
  113  9:39  Marauder  
  113  9:41  Marine x2  
  113  9:43  SCV  
  116  9:47  Supply Depot  
  116  9:48  Marauder  
  116  9:51  Siege Tank  
  121  9:56  SCV x2  
  121  9:57  SCV  
  121  9:58  Marauder  
  126  10:02  Marine x2  
  126  10:03  Supply Depot  
  126  10:04  Marine  
  126  10:05  Marine  
  132  10:07  Marauder  
  132  10:08  SCV  
  132  10:09  Marine  
  132  10:13  Missile Turret  
Show
View Real Time Build Order
Export as new Build Order

NightMare Protoss - Winner!

Build Orders: 1 Gate Expand, Blink Stalkers, Colossus Rush 

Get SALT Encoding   

  12  0:00  Probe  
  13  0:12  Probe  
  14  0:17  Pylon  
  14  0:24  Probe (Chrono Boost)  
  15  0:36  Gateway, Probe (Chrono Boost)  
  16  0:45  Probe (Chrono Boost)  
  16  0:48  Assimilator  
  17  0:51  Probe  
  18  1:03  Probe  
  19  1:15  Probe  
  20  1:25  Cybernetics Core  
  20  1:33  Nexus  
  20  1:38  Pylon  
  20  1:41  Probe  
  21  1:47  Assimilator  
  21  1:53  Probe  
  22  2:00  Adept (Chrono Boost)  
  22  2:04  Warp Gate  
  22  2:05  Probe  
  24  2:17  Probe  
  24  2:21  Stalker (Chrono Boost)  
  25  2:29  Probe  
  28  2:33  Twilight Council  
  28  2:41  Probe  
  28  2:43  Stalker  
  31  2:48  Probe  
  32  2:53  Probe  
  32  2:57  Gateway  
  33  3:00  Probe  
  33  3:03  Blink (Chrono Boost)  
  35  3:05  Probe  
  35  3:13  Probe  
  35  3:17  Probe  
  37  3:21  Gateway  
  37  3:25  Probe  
  38  3:29  Robotics Facility  
  38  3:33  Probe  
  39  3:37  Probe  
  39  3:39  Pylon  
  40  3:45  Probe  
  41  3:49  Probe  
  41  3:52  Shield Battery  
  41  3:53  Stalker  
  44  3:56  Stalker  
  46  4:03  Pylon  
  46  4:04  Probe x2  
  48  4:16  Probe x2  
  48  4:17  Observer  
  51  4:21  Pylon  
  51  4:27  Stalker x3  
  51  4:29  Probe x2  
  57  4:43  Observer  
  57  4:55  Nexus  
  57  4:56  Pylon  
  57  4:57  Probe x2, Assimilator  
  57  4:58  Assimilator  
  57  5:01  Robotics Bay  
  57  5:05  Stalker  
  57  5:06  Warp Prism (Chrono Boost)  
  59  5:14  Probe x2  
  63  5:20  Pylon  
  63  5:24  Charge (Chrono Boost)  
  63  5:27  Gateway  
  63  5:30  Gateway  
  59  5:43  Probe x2  
  59  5:44  Observer  
  59  5:46  Stalker  
  63  5:55  Probe x2  
  65  5:59  Colossus (Chrono Boost)  
  65  6:02  Extended Thermal Lance  
  67  6:07  Probe x2  
  68  6:13  Probe  
  69  6:19  Probe  
  69  6:22  Gateway, Probe  
  69  6:24  Gateway  
  71  6:26  Sentry, Probe  
  71  6:27  Shield Battery  
  71  6:30  Zealot  
  71  6:31  Probe  
  77  6:34  Probe  
  77  6:35  Colossus (Chrono Boost)  
  77  6:38  Probe  
  79  6:44  Probe  
  79  6:46  Probe  
  87  6:50  Probe  
  87  6:51  Pylon  
  88  7:00  Stalker x3  
  94  7:07  Pylon  
  94  7:10  Stalker x2  
  98  7:18  Zealot  
  98  7:19  Colossus (Chrono Boost), Pylon  
  106  7:33  Stalker  
  108  7:41  Zealot x4  
  108  7:42  Zealot x2  
  120  7:52  Pylon  
  120  7:53  Templar Archives, Probe, Pylon  
  121  7:59  Pylon  
  121  8:00  Zealot  
  121  8:02  Zealot  
  121  8:04  Pylon  
  121  8:05  Observer  
  125  8:11  Zealot x5  
  102  8:20  Zealot  
  98  8:27  Zealot  
  98  8:29  Nexus  
  98  8:32  High Templar x2  
  98  8:33  Zealot x2  
  108  8:37  Zealot, Archon  
  108  8:40  Dark Shrine  
  104  8:50  Zealot  
  104  8:51  Zealot  
  94  8:57  Zealot x3  
  84  9:05  Colossus (Chrono Boost), Stalker x2  
  84  9:08  Stalker x2  
  90  9:15  Zealot x2  
  94  9:20  Gateway  
  94  9:23  Forge  
  94  9:26  Sentry, Stalker  
  94  9:27  Stalker  
  100  9:33  Gateway  
  100  9:36  Zealot x4  
  108  9:47  Observer  
  108  9:54  Dark Templar x3  
  108  9:57  Probe x3  
  108  9:58  Probe  
  108  9:59  Zealot x3  
  124  10:00  Zealot  
  126  10:17  Stalker x2  
  126  10:18  Stalker  
  126  10:21  Zealot x3  
  118  10:28  Zealot x3  
Tags
 
Add a new tag
Caveats
  • Supply blocks, unpowered buildings, or Contaminate may cause inaccurate times.
  • Supply counts are checked every 10 seconds.